 Dungeon Crawl Stone Soup version 0.31.0-32-g396128a36d (webtiles) character file.

Game seed: 6140732844202177592

1344 spaghetti the Carver (level 8, -6/45 (46) HPs)
             Began as a Tengu Chaos Knight on Mar 22, 2024.
             Was a Plaything of Xom.
             Mangled by a wight
             ... wielding a +3 halberd
              (14 damage)
             ... on level 7 of the Dungeon.
             The game lasted 00:06:06 (4225 turns).

spaghetti the Carver (Tengu Chaos Knight)           Turns: 4225, Time: 00:06:07

HP:   -6/45 (46)    AC:  7    Str: 13    XL:     8   Next: 62%
MP:   9/9           EV: 16    Int: 12    God:    Xom [.*....]
Gold: 201           SH:  0    Dex: 16    Spells: 7/7 levels left

rFire   + . .        o - +0 short sword (venom)
rCold   + + .        (no shield)
rNeg    . . .        n - +1 robe {rC+ rF+}
rPois   .            (helmet restricted)
rElec   .            g - +1 cloak
rCorr   .            (no gloves)
SInv    .            (boots unavailable)
Will    .....        m - amulet of regeneration
Stlth   +            (no ring)
HPRegen 1.07/turn    (no ring)
MPRegen 0.11/turn

%: acrobat, clarity
@: flying, lightly drained
A: beak, talons 3, evasive flight, acrobatic, iridescent scales 1, clarity, cold
resistance 1, sturdy frame 1
a: Renounce Religion


You were on level 7 of the Dungeon.
You worshipped Xom.
You were a plaything of Xom.
You visited 1 branch of the dungeon, and saw 7 of its levels.

You collected 201 gold pieces.

Inventory:

Hand Weapons
 a - a +0 falchion of chaos
 o - a +0 short sword of venom (weapon)
Armour
 g - a +1 cloak (worn)
 n - a +1 robe of resistance (worn)
Jewellery
 m - an amulet of regeneration (around neck)
Wands
 l - a wand of polymorph (7)
Scrolls
 c - a scroll of butterflies
 h - 4 scrolls of poison
 i - 3 scrolls of enchant weapon
 p - a scroll of fog
 q - a scroll of identify
Potions
 d - 5 potions of attraction
 f - a potion of enlightenment


   Skills:
 - Level 3.0 Fighting
 + Level 11.6 Long Blades
 - Level 2.1 Armour
 - Level 1.1 Dodging


You had 7 spell levels left.
You didn't know any spells.
Your spell library contained the following spells:

 Spells                   Type           Power      Damage    Failure   Level
 Magic Dart               Conj           0%         1d3       32%         1
 Necrotise                Necr           0%         1d4       32%         1
 Blink                    Tloc           0%         N/A       45%         2
 Call Imp                 Summ           0%         N/A       45%         2
 Gell's Gravitas          Tloc           0%         N/A       69%         3
 Teleport Other           Tloc           0%         N/A       69%         3
 Tukima's Dance           Hex            0%         N/A       69%         3
 Vampiric Draining        Necr           0%         2d6       69%         3
 Martyr's Knell           Necr/Summ      0%         N/A       97%         4
 Passage of Golubria      Tloc           0%         N/A       97%         4
 Curse of Agony           Necr           0%         N/A       100%        5
 Yara's Violent Unravell  Hex/Alch       0%         3d3       100%        5
 Dispersal                Tloc           0%         N/A       100%        6


Dungeon Overview and Level Annotations

Branches:
Dungeon (8/15)
 Temple: D:4-7         Lair: D:8-11

Altars:

Shops:
D:7 [

Annotations:
D:4 exclusion: door, Pikel


Innate Abilities, Weirdness & Mutations

You have a beak for a mouth.
You have claws for feet.
Your magical flight helps you evade attacks. (EV +4)
You can magically evade attacks while moving or waiting.
You are partially covered in iridescent scales. (AC +2)
You possess an exceptional clarity of mind.
Your flesh is cold resistant. (rC+)
Your movements are slightly less encumbered by armour. (ER -2)


Message History

You are too injured to fight recklessly!
You are too injured to fight recklessly!
You are too injured to fight recklessly!
You are too injured to fight recklessly!
You are too injured to fight recklessly!
You are too injured to fight recklessly!
You are too injured to fight recklessly!
You are too injured to fight recklessly!
You are too injured to fight recklessly!
You are too injured to fight recklessly!
You are too injured to fight recklessly!
You are too injured to fight recklessly!
You barely miss the wight. You claw the wight. You peck the wight.
The wight is heavily damaged.
The wight hits you with a +3 halberd!
You barely miss the wight. Your kick misses the wight.
The wight is heavily damaged.
You hit the wight but do no damage. Your peck misses the wight.
The wight is heavily damaged.
The wight hits you with a +3 halberd!
You hit the wight but do no damage. You claw the wight.
Your peck misses the wight.
The wight is severely damaged.
You barely miss the wight. Your kick misses the wight.
You peck the wight, but do no damage.
The wight is severely damaged.
The wight completely misses you.
You hit the wight but do no damage. Your kick misses the wight.
Your punch misses the wight.
The wight is severely damaged.
The wight hits you with a +3 halberd.
* * * LOW HITPOINT WARNING * * *
You closely miss the wight. You claw the wight, but do no damage.
The wight is severely damaged.
You hit the wight but do no damage. You claw the wight, but do no damage.
The wight is severely damaged.
The wight hits you with a +3 halberd!
* * * LOW HITPOINT WARNING * * *
You feel better. The wight hits you with a +3 halberd!
You die... ## ###.# .. ..#.# .## .##.#.# .... ...#.# #.. ##...#..#.# #.. ........#.# #b. #.#.# # #b. #.#.# #.# #bb #######)#@# ....######bb ........z.# ....bb.bbbb§ #######.### ....bbbbbbc#

####.......#
........bbb#
..........)#
.....bbbb..#
#.......#
############
#####.#.#
##########.#.#
...........#.###


You could see a wight.

Vanquished Creatures
  Sigmund (D:2)
  A black bear (D:7)
  An ice beast (D:3)
  A phantom (D:5)
  Blork the orc (D:5)
  A wight (D:7)
  Crazy Yiuf (D:2)
  2 bombardier beetles (D:4)
  2 gnoll boudas
  4 hounds
  Jessica (D:3)
  Natasha (thrice) (D:3)
  Terence (D:2)
  2 sleepcaps
  2 iguanas (D:4)
  11 gnolls
  4 adders
  6 ribbon worms
  2 dart slugs
  6 orcs
  7 bats
  8 endoplasms
  3 giant cockroaches
  13 hobgoblins
  2 jackals (D:2)
  5 quokkas
  7 ball pythons
  5 frilled lizards
  3 goblins
  7 kobolds
  7 rats
120 creatures vanquished.

Vanquished Creatures (collateral kills)
  A wight (D:7)
  A dart slug (D:1)
  An endoplasm (D:4)
3 creatures vanquished.

Grand Total: 123 creatures vanquished

Notes
Turn   | Place    | Note
-------+----------+-------------------------------------------
     0 | D:1      | spaghetti the Tengu Chaos Knight began the quest for the
                  | Orb.
     0 | D:1      | Reached XP level 1. HP: 14/14 MP: 2/2
    68 | D:1      | Reached XP level 2. HP: 19/19 MP: 3/3
   142 | D:1      | XOM: silly message
   147 | D:1      | Reached skill level 4 in Long Blades
   219 | D:1      | XOM: fog
   354 | D:1      | Reached XP level 3. HP: 23/23 MP: 4/4
   816 | D:2      | Found a runed translucent door.
   817 | D:2      | Noticed Crazy Yiuf
   979 | D:2      | Noticed Sigmund
   991 | D:2      | XOM: smoke on damage
   992 | D:2      | Killed Sigmund
   993 | D:2      | Reached skill level 6 in Long Blades
   993 | D:2      | Reached XP level 4. HP: 17/28 MP: 5/5
   993 | D:2      | Reached XP level 5. HP: 19/32 MP: 6/6
  1111 | D:2      | Reached skill level 7 in Long Blades
  1140 | D:2      | XOM: divination: detect creatures
  1238 | D:2      | Reached XP level 6. HP: 34/37 MP: 7/7
  1695 | D:2      | Noticed Terence
  1707 | D:2      | Killed Terence
  1737 | D:2      | XOM: give mutations
  1737 | D:2      | Gained mutation: Your movements are slightly less
                  | encumbered by armour. (ER -2) [Xom's grace]
  1737 | D:2      | Gained mutation: You possess an exceptional clarity of
                  | mind. [Xom's grace]
  1737 | D:2      | Gained mutation: Your flesh is cold resistant. (rC+) [Xom's
                  | grace]
  1737 | D:2      | Gained mutation: You are partially covered in iridescent
                  | scales. (AC +2) [Xom's grace]
  1888 | D:2      | Killed Crazy Yiuf
  2051 | D:3      | Noticed an ice beast
  2064 | D:3      | Killed an ice beast
  2065 | D:3      | Reached skill level 8 in Long Blades
  2141 | D:3      | Noticed Natasha
  2141 | D:3      | XOM: divination: detect items
  2145 | D:3      | Killed Natasha
  2146 | D:3      | Gained mutation: Your magical flight helps you evade
                  | attacks. (EV +4) [Tengu growth]
  2146 | D:3      | Reached XP level 7. HP: 41/41 MP: 8/8
  2182 | D:3      | Noticed Natasha
  2242 | D:3      | Killed Natasha
  2334 | D:3      | Noticed Natasha
  2348 | D:3      | Killed Natasha
  2349 | D:3      | Reached skill level 9 in Long Blades
  2533 | D:3      | Noticed Jessica
  2537 | D:3      | Killed Jessica
  2869 | D:4      | XOM: noise
  3001 | D:4      | XOM: summons friendly shadow imp
  3241 | D:4      | XOM: 5-stop teleportation journey
  3327 | D:4      | XOM: chaos cloud
  3482 | D:4      | Noticed Pikel
  3486 | D:4      | Pikel changed into Pikel the snapping turtle
  3486 | D:4      | Noticed Pikel
  3486 | D:4      | XOM: polymorph Pikel -> Pikel the snapping turtle
  3489 | D:4      | XOM: summons 2 friendly demons
  3493 | D:4      | XOM: enchant monster (bad)
  3494 | D:4      | XOM: polymorph quasit -> ufetubus
  3513 | D:4      | Reached skill level 10 in Long Blades
  3573 | D:5      | Entered Level 5 of the Dungeon
  3603 | D:5      | XOM: swap monsters
  3606 | D:5      | Reached XP level 8. HP: 33/46 MP: 9/9
  3798 | D:5      | Noticed Blork the orc
  3802 | D:5      | XOM: cast spell 'Discord'
  3813 | D:5      | Killed Blork the orc
  3863 | D:5      | XOM: swap monsters
  3912 | D:5      | Reached skill level 11 in Long Blades
  3939 | D:5      | You are sucked into a shaft and drop 3 floors!
  3951 | D:8      | Noticed a centaur warrior
  3952 | D:8      | Noticed a tengu warrior
  3972 | D:8      | XOM: noise
  3988 | D:8      | XOM: divination: detect creatures
  3994 | D:8      | XOM: smoke on damage
  4099 | D:7      | Found Kuetayto's Antique Armour Boutique.
  4174 | D:7      | XOM: enchant monster (good)
  4224 | D:7      | HP: 2/45 [wight/+3 halberd (10)]
  4225 | D:7      | Mangled by a wight

Illustrated notes

Levels and vault maps discovered:
D:1:      sevenhm_arrival_forest_fort_small_3, layout_loops_ring
D:2:      minmay_inner_zag, layout_loops_corners, chequers_decorated_corner,
          kennysheep_generic_room_3, uniq_sigmund, uniq_terence,
          uniq_crazy_yiuf_cottage
D:3:      layout_loops_ring, dreamdust_mushroom_princess, uniq_jessica,
          uniq_natasha
D:4:      layout_cave_pods, minmay_quadrilaterals, uniq_pikel
D:5:      layout_rooms, minmay_temple_entry_ruins, nicolae_grassy_gnolls,
          uniq_blork_the_orc
D:7:      layout_basic, serial_shops, nicolae_take_the_stairs
D:8:      minmay_diamond_stairs, layout_basic, uniq_psyche, uniq_erica

Skill      XL: |  1  2  3  4  5  6  7  8 |
---------------+-------------------------+-----
Long Blades    | 4 6 7 8 10 11 | 11.6
Fighting       | |  3.0
Armour         | |  2.1
Dodging        | |  1.1

Action                     |  1- 3 |  4- 6 |  7- 9 || total
---------------------------+-------+-------+-------++-------
  Melee: Falchion          |    61 |    87 |    51 ||   199
         Kick              |    15 |    17 |    99 ||   131
         Peck              |     8 |    12 |    52 ||    72
         Short sword       |       |       |   207 ||   207
         Punch             |       |       |     2 ||     2
  Evoke: Wand              |       |       |     1 ||     1
    Use: Scroll            |     3 |     2 |     9 ||    14
         Potion            |       |     4 |     9 ||    13
   Stab: Sleeping          |       |     8 |     1 ||     9
         Distracted        |       |       |     1 ||     1
 Armour: Leather armour    |    31 |     3 |       ||    34
         Skin              |       |    13 |       ||    13
         Robe              |       |    13 |   107 ||   120
  Dodge: Dodged            |    47 |    59 |   156 ||   262
